Frizzbo, neutral female gnomish Wizard -------- -------###########l##### l l |......| |......### --------# l |....l^-####l|....l|# # |......|# l #.......|### |.....|# ### |.......# #-------- # |....<|l # |......|# # ###|.....+# ## |......| # #-------# ######.......| # ######### ##------.- # # ### ## l # # -----|---.-l ##### |.........|G # |.........|a l ## |.....$.).f# ----------- e . l l . l. --- Frizzbo the Conjurer Experience level: 5 Strength: 13 Dexterity: 11 Constitution: 14 Intelligence: 19 Wisdom: 9 Charisma: 11 Health: 0(34) Energy: 4(25) Def: 6 Gold: 0 Moves: 3097 Dungeon seed: ASYD34ynaQUzWScS Game ID: Frizzbo_1466621081 Your Inventory: Weapons G - an uncursed +0 orcish dagger (weapon in hand) Armor e - an uncursed +0 cloak of magic resistance (being worn) q - an uncursed +0 orcish helm (being worn) N - a blessed +1 studded leather armor (being worn) Comestibles D - 2 uncursed tins of jackal meat F - 2 uncursed eggs Scrolls i - 2 uncursed scrolls of blank paper j - an uncursed scroll of light v - a blessed scroll of light y - an uncursed scroll of remove curse B - an uncursed scroll of taming Spellbooks k - a blessed spellbook of force bolt l - an uncursed spellbook of detect food s - an uncursed spellbook of magic mapping Potions f - an uncursed potion of oil g - an uncursed potion of blindness h - an uncursed potion of restore ability Rings c - an uncursed ring of fire resistance d - an uncursed ring of searching (on left hand) Wands b - an uncursed wand of enlightenment (0:12) u - an uncursed wand of cancellation (0:5) C - an uncursed wand of light (0:12) E - an uncursed wand of sleep (0:7) Tools m - an uncursed magic marker (0:99) n - an uncursed blindfold (being worn) Gems z - an uncursed worthless piece of yellow glass Spells and supernatural/magical abilities: Name Level Category Fail Memory a - force bolt 1 attack 0% 85% E - detect food 2 divination 62% 85% W - pray for help -- divine ? -- Your skills at the end: Fighting Skills Weapon Skills quarterstaff [Basic] Spellcasting Skills attack spells [Basic] enchantment spells [Basic] Final Attributes: You were piously aligned. You were magic-protected. You were telepathic. You had automatic searching. You had infravision. You are dead. Vanquished creatures: 3 leprechauns 3 giant ants 2 floating eyes a kobold lord 3 orc zombies a werejackal 3 iguanas 2 acid blobs a gas spore 3 manes a yellow mold a green mold a red mold a garter snake 4 geckos 6 jackals a kobold 4 goblins a grid bug 5 lichens 5 newts 52 creatures vanquished. Voluntary challenges: You used a wielded weapon 55 times, starting on turn 63. You read items or engraved 7 times, starting on turn 39. You never genocided any monsters. You never polymorphed an object. You never changed form. You used no wishes. You never split a pudding. You wrote Elbereth's name 1 time, starting on turn 2495. You never violated your personal moral code. Dungeon overview: The Dungeons of Doom: levels 1 to 7 Level 1 a long staircase Level 2 Level 3 a general store, an altar to Ptah a long staircase Level 4 an altar to Anhur Level 5 a fountain Level 6 an armor shop Level 7 <- You were here History has recorded: On T:1 you entered the Dungeons of Doom to retrieve the Amulet of Yendor! On T:431 you reached level 2 of The Dungeons of Doom. On T:668 you advanced to experience level 2. On T:903 you reached level 3 of The Dungeons of Doom. On T:1037 you advanced to experience level 3. On T:1493 you advanced to experience level 4. On T:1548 you reached level 4 of The Dungeons of Doom. On T:1910 you reached level 5 of The Dungeons of Doom. On T:2283 you reached level 6 of The Dungeons of Doom. On T:2815 you reached level 7 of The Dungeons of Doom. On T:2958 you advanced to experience level 5. Score breakdown: Gold: 0 ( 0 points) Experience: 5 levels (11141 points) Exploration: 7 levels ( 14.00%) (10497 points) Discoveries: 4 items ( 1.38%) ( 3529 points) Valuables value: (no points given unless you survive) Artifact value: 0 ( 0 points) Variety of kills: 21 monsters ( 5.51%) ( 7043 points) Turncount: 3097 turns ( -646 points) Survival: died (score multiplied by 80%) Total score: 25251 Latest messages: You don't have enough energy to cast that spell. You miss the giant ant. The giant ant bites! You miss the giant ant. The giant ant bites! (2x) You miss the giant ant. The giant ant bites! You miss the giant ant. The giant ant just misses! The giant ant bites! You hit the giant ant. The giant ant misses. You hit the giant ant. The giant ant bites! (2x) You hear some noises. You try to feel what is lying here on the floor. You feel here 146 gold pieces. The giant ant bites! You try to feel what is lying here on the floor. You feel here a blessed +1 quarterstaff. The giant ant bites! The giant ant misses. The giant ant bites! (2x) The leprechaun hits! You die... Final status: Goodbye Frizzbo the Wizard, killed by a leprechaun... You died in The Dungeons of Doom on dungeon level 7 with 25251 points, and 0 pieces of gold, after 3097 moves. You were level 5 with a maximum of 34 hit points when you died.